 Dungeon Crawl Stone Soup version 0.31-a0-150-g89dc3ad700 (webtiles) character file.

Game seed: 256221353554881080

107 qw the Shooter (level 4, -1/40 HPs)
             Began as a Minotaur Hunter on June 8, 2023.
             Slain by Natasha (9 damage)
             ... on level 2 of the Dungeon.
             The game lasted 00:00:36 (1423 turns).

qw the Shooter (Minotaur Hunter)                    Turns: 1423, Time: 00:00:37

Health: -1/40      AC:  3    Str: 15    XL:     4   Next: 57%
Magic:  3/3        EV: 12    Int:  6    God:
Gold:   130        SH:  0    Dex: 16    Spells: 3/3 levels left

rFire   . . .        Y - +0 shortbow
rCold   . . .        (shield currently unavailable)
rNeg    . . .        c - +0 leather armour
rPois   .            (helmet restricted)
rElec   .            (no cloak)
rCorr   .            (no gloves)
SInv    .            (no boots)
Will    .....        (no amulet)
Stlth   +            (no ring)
HPRegen 0.26/turn    (no ring)
MPRegen 0.08/turn

%: no passive effects
@: slowed, very slow
A: horns 2, retaliatory headbutt
a: no special abilities


You were on level 2 of the Dungeon.
You visited 1 branch of the dungeon, and saw 2 of its levels.

You collected 130 gold pieces.


Innate Abilities, Weirdness & Mutations

You have a pair of horns on your head.
You reflexively headbutt those who attack you in melee.


   Skills:
 + Level 3.9 Fighting
 - Level 6.0 Ranged Weapons
 - Level 2.1 Dodging
 - Level 0.7 Stealth


You had 3 spell levels left.
You didn't know any spells.
Your spell library was empty.

Inventory:

Hand Weapons
 Y - a +0 shortbow (weapon)
Armour
 c - a +0 leather armour (worn)
Jewellery
 b - a +6 ring of strength
Scrolls
 a - a scroll of teleportation
 d - a scroll of torment {unknown}
Potions
 g - a potion of curing {unknown}

Dungeon Overview and Level Annotations

Branches:
Dungeon (2/15)

Altars:

Annotations:
D:2 Natasha


Message History

You shoot an arrow. The arrow hits Natasha!
Natasha is heavily wounded.
Natasha stares at you and mumbles some strange words.
You feel yourself slow down.
You shoot an arrow. The arrow barely misses Natasha.
Natasha claws you.
You shoot an arrow.
The arrow hits Natasha but does no damage.
Natasha is heavily wounded.
Natasha closely misses you. Natasha barely misses you.
You shoot an arrow. The arrow closely misses Natasha.
You hear a shout!
Natasha misses you.
A ball python comes into view.
The cerulean imp hits you from afar with a +1 spear.
Natasha closely misses you.
The ball python hisses angrily.
You hear an angry hiss.
You shoot an arrow. The arrow closely misses Natasha.
The cerulean imp barely misses you.
Natasha wildly gestures.
You feel troubled. Natasha claws you. The cerulean imp misses you.
Natasha closely misses you.
You shoot an arrow. The arrow hits Natasha.
Natasha is almost dead.
The cerulean imp closely misses you.
Natasha hisses.
Natasha claws you.
You shoot an arrow. The arrow closely misses Natasha.
The arrow hits the ball python!
You kill the ball python!
The cerulean imp misses you. Natasha claws you.
The cerulean imp hits you from afar with a +1 spear.
Natasha claws you!
You shoot an arrow. The arrow closely misses Natasha.
The cerulean imp misses you. Natasha claws you.
The cerulean imp barely misses you. Natasha barely misses you.
You shoot an arrow. The arrow barely misses Natasha.
The cerulean imp hits you from afar with a +1 spear.
Natasha claws you!
You die...

...............#.#.........
###.###.#..%.#.#.#........#
#.#..........#.#........# #
#####.#....#.#####.....
.h.##..............#
##.......#..........)
#.####.........#....
####5#####.######.#....
#....h@....# #.#..#.
#....####### #.##.#. #....
##'##'#. #>..) ####......%
#.... #.........< #....
#.......... ##...
#.......... ##..
#....##%.#. ##.......#.


You could see Natasha and a cerulean imp (summoned).

Vanquished Creatures
  Natasha (D:2)
  A worm (D:2)
  4 dart slugs
  An orc (D:2)
  7 ball pythons
  5 bats
  8 endoplasms
  4 giant cockroaches
  5 goblins
  6 hobgoblins
  8 jackals
  4 kobolds
  3 quokkas
  A frilled lizard (D:2)
  2 rats
60 creatures vanquished.

Notes
Turn   | Place    | Note
-------+----------+-------------------------------------------
     0 | D:1      | qw the Minotaur Hunter began the quest for the Orb.
     0 | D:1      | Reached XP level 1. HP: 18/18 MP: 0/0
     0 | D:1      | 0 ||| qw: Version: 0.2-a-119-g0488c42
     0 | D:1      | 0 ||| qw: Game counter: 2719
     0 | D:1      | 0 ||| qw: Always use a shield: true
     0 | D:1      | 0 ||| qw: God list: Okawaru
     0 | D:1      | 0 ||| qw: Allow faded altars: false
     0 | D:1      | 0 ||| qw: Do Orc after D:15 true
     0 | D:1      | 0 ||| qw: Do second Lair branch before Depths: true
     0 | D:1      | 0 ||| qw: Lair rune preference: random
     0 | D:1      | 0 ||| qw: Plans: Normal
     0 | D:1      | 0 ||| PLANNING D:1-11
   230 | D:1      | Reached XP level 2. HP: 25/25 MP: 1/1
   248 | D:1      | Found a faded altar of an unknown god.
   288 | D:1      | Reached skill level 5 in Ranged Weapons
   333 | D:1      | Reached skill level 3 in Fighting
   426 | D:1      | Reached XP level 3. HP: 31/31 MP: 2/2
   977 | D:1      | 977 ||| READING scroll labelled NAGHES GYLULOUSHA.
   982 | D:1      | 982 ||| READING scroll labelled ZUS RIUSAUJYI.
   983 | D:1      | 983 ||| READING scroll labelled REUMUOD SISTRU.
   984 | D:1      | 984 ||| DROPPING scroll of butterflies.
  1123 | D:2      | Reached XP level 4. HP: 38/38 MP: 3/3
  1195 | D:2      | Reached skill level 6 in Ranged Weapons
  1231 | D:2      | Noticed Natasha
  1238 | D:2      | Killed Natasha
  1411 | D:2      | Noticed Natasha
  1412 | D:2      | 1412 ||| Stepping ~*~*~tactically~*~*~ (outnumbered).
  1423 | D:2      | HP: 8/40 [cerulean imp/+1 spear[Natasha] (3)]
  1423 | D:2      | Slain by Natasha

Levels and vault maps discovered:
D:1:      minmay_arrival_stone_box, layout_loops_corners,
          shapermc_ecumenical_altar_mp_vishouse
D:2:      layout_basic, uniq_natasha

Skill      XL: |  1  2  3  4 |
---------------+-------------+-----
Ranged Weapons | 5 6 |  6.0
Fighting       | 3 |  3.9
Dodging        | |  2.1
Stealth        | |  0.7

Action                     |  1- 3 |  4- 6 || total
---------------------------+-------+-------++-------
   Fire: Shortbow          |   121 |    42 ||   163
    Use: Scroll            |     3 |       ||     3
 Armour: Leather armour    |     5 |     3 ||     8
  Dodge: Dodged            |    28 |    23 ||    51

Table legend:
 A = Non-vault XP
 B = Vault XP
 C = Vault XP percentage of total XP
 D = Non-vault monster count
 E = Vault monster count
 F = Vault count percentage of total count
                 A         B        C        D         E       F
            +---------+---------+-------+---------+---------+-------
      Total |     119 |      35 |  22.7 |      59 |       1 |   1.7
            +---------+---------+-------+---------+---------+-------
        D:1 |      77 |       0 |   0.0 |      37 |       0 |   0.0
        D:2 |      42 |      35 |  45.5 |      22 |       1 |   4.3
            +---------+---------+-------+---------+---------+-------
